 Dungeon Crawl Stone Soup version 0.21-a0-270-g8204059 (webtiles) character file.

4162 bitterend the Grappler (level 10, -15/102 HPs)
             Began as a Troll Monk on Sept 13, 2017.
             Was an Elder of Makhleb.
             Killed from afar by a gargoyle (18 damage)
             ... with a stone arrow
             ... on level 8 of the Dungeon.
             The game lasted 00:12:44 (6280 turns).

bitterend the Grappler (Troll Monk)                 Turns: 6280, Time: 00:12:45

Health: -15/102    AC:  5    Str: 24    XL:     10   Next: 7%
Magic:  9/9        EV: 10    Int:  6    God:    Makhleb [****..]
Gold:   371        SH:  0    Dex: 12    Spells: 9/9 levels left

rFire    . . .     SeeInvis .     - Unarmed
rCold    . . .     Gourm    +   (no shield)
rNeg     . . .     Faith    .   a - +0 robe
rPois    +         Spirit   .   (helmet restricted)
rElec    .         Reflect  .   (no cloak)
rCorr    .         Harm     .   (gloves unavailable)
MR       +....                  (boots unavailable)
Stlth    ++........             (no amulet)
HPRegen  0.67/turn              p - ring of poison resistance
MPRegen  0.11/turn              d - ring of protection from magic

@: no status effects
A: unfitting armour, claws 3, fast metabolism 3, gourmand, regeneration 1,
shaggy fur 1, tough skin 2
a: Minor Destruction, Lesser Servant of Makhleb, Major Destruction, Renounce
Religion


You were on level 8 of the Dungeon.
You worshipped Makhleb.
Makhleb was greatly pleased with you.
You were completely stuffed.

You visited 1 branch of the dungeon, and saw 8 of its levels.

You collected 371 gold pieces.

Inventory:

Hand Weapons
 f - a +2 whip of electrocution
 v - a +0 hunting sling
Missiles
 w - 191 stones (quivered)
Armour
 a - a +0 robe (worn)
Jewellery
 d - a ring of protection from magic (right claw)
 n - an uncursed ring of fire
 p - a ring of poison resistance (left claw)
 x - a +2 ring of strength
 F - a cursed ring of teleportation {unknown}
Wands
 E - a wand of polymorph (14/24)
Scrolls
 c - 2 scrolls of remove curse
 j - 2 scrolls of magic mapping
 l - a scroll of enchant weapon {unknown}
 m - a scroll of amnesia
 q - 5 scrolls of identify
 r - a scroll of fear
 s - 2 scrolls of fog
 y - a scroll of blinking {unknown}
 z - a scroll of enchant armour {unknown}
 A - a scroll of teleportation
 B - a scroll of noise {unknown}
 C - a scroll of immolation {unknown}
Potions
 e - a potion of might
 k - a potion of mutation
 o - a potion of curing
 u - 4 potions of haste
Books
 t - a book of Necromancy

   Spells                             Type                      Level
   a - Pain                           Necromancy                   1
   b - Animate Skeleton               Necromancy                   1
   c - Vampiric Draining              Necromancy                   3
   d - Regeneration                   Charms/Necromancy            3
   e - Animate Dead                   Necromancy                   4
   f - Control Undead                 Necromancy                   4
 D - a book of Battle

   Spells                             Type                      Level
   a - Infusion                       Charms                       1
   b - Shroud of Golubria             Charms/Translocation         2
   c - Song of Slaying                Charms                       2
   d - Spectral Weapon                Hexes/Charms                 3
   e - Regeneration                   Charms/Necromancy            3
Comestibles
 b - 6 bread rations
 g - 4 royal jellies
 h - 7 meat rations
 i - 3 fruits


   Skills:
 + Level 7.3 Fighting
 - Level 2.4 Dodging
 - Level 1.0 Stealth
 * Level 12.2 Unarmed Combat


You had 9 spell levels left.
You didn't know any spells.

Dungeon Overview and Level Annotations

Branches:
Dungeon (8/15)             Temple (0/1) D:6
   Lair: D:8-11

Altars:
Dithmenos
Fedhas
Gozag
Hepliaklqana
Makhleb
Qazlal
Uskayaw
Vehumet
Xom
The Shining One

Shops:
D:8 (

Annotations:
D:8 Psyche


Innate Abilities, Weirdness & Mutations

You are too large for most types of armour.
You have claws for hands.
Your metabolism is lightning-fast.
You like to eat raw meat.
Your natural rate of healing is unusually fast.
You are covered in fur. (AC +1)
You have very tough skin. (AC +2)


Message History

The gargoyle is moderately damaged.
You are too injured to fight recklessly!
You are too injured to fight recklessly!
The gargoyle hurls a stone arrow at you.
The stone arrow hits you!
You hear some strange, mumbled words.
A puff of frost appears from out of thin air!
The puff of frost misses you.
Unknown command.
The gargoyle hurls a stone arrow at you.
The stone arrow hits you!
* * * LOW HITPOINT WARNING * * *
Something hits you.
* * * LOW HITPOINT WARNING * * *
Something freezes you.
* * * LOW HITPOINT WARNING * * *
Unknown command.
The gargoyle hurls a stone arrow at you.
The stone arrow hits you!
You die...

##### #...## #.#..#
#....##############
#.∩.#@...#........#
#....#...#........#
#.#..#...'........#
#....#...#........#
#...9#...#........#
#....######'###.###
#........##.###'#
#........#..#...#
#........#..#...#


You could see a gargoyle.

Vanquished Creatures
  Joseph (D:7)
  The ghost of George the Carver, a novice MiFi (D:5)
  Grinder (D:3)
  Prince Ribbit (D:4)
  3 water moccasins
  Duvessa (D:5)
  2 ice beasts
  3 sky beasts
  5 phantoms
  2 centaurs
  3 bullfrogs
  Dowan (D:5)
  3 scorpions
  5 wights (D:7)
  4 howler monkeys
  3 crimson imps
  A bullfrog zombie (D:7)
  6 hounds
  3 bullfrog skeletons
  2 orc priests
  2 iguanas (D:4)
  4 orc wizards
  4 worker ants
  A worker ant zombie (D:2)
  4 gnolls (D:8)
  A howler monkey skeleton (D:4)
  6 adders
  3 shadow imps (D:5)
  An adder zombie (D:6)
  5 worms
  A dart slug (D:1)
  3 leopard geckos
  19 orcs
  3 ball pythons
  7 hobgoblins
  5 quokkas
  2 bats (D:1)
  4 frilled lizards
  6 goblins
  6 kobolds
  A quokka skeleton (D:6)
  10 rats
149 creatures vanquished.

Notes
Turn   | Place    | Note
-------+----------+-------------------------------------------
     0 | D:1      | bitterend the Troll Monk began the quest for the Orb.
     0 | D:1      | Reached XP level 1. HP: 22/22 MP: 0/0
   425 | D:1      | Reached XP level 2. HP: 29/29 MP: 1/1
   886 | D:2      | Reached skill level 4 in Unarmed Combat
   886 | D:2      | Reached XP level 3. HP: 35/36 MP: 2/2
  1018 | D:2      | Found a burning altar of Makhleb.
  1034 | D:2      | Found a shadowy altar of Dithmenos.
  1084 | D:2      | Became a worshipper of Makhleb the Destroyer
  1084 | D:2      | Reached * piety under Makhleb
  1084 | D:2      | Reached ** piety under Makhleb
  1139 | D:2      | Found a blossoming altar of Fedhas.
  1393 | D:2      | Found a stormy altar of Qazlal.
  1589 | D:3      | Reached XP level 4. HP: 44/44 MP: 3/3
  1693 | D:3      | Noticed a phantom
  1707 | D:3      | Killed a phantom
  1707 | D:3      | Reached skill level 5 in Unarmed Combat
  1707 | D:3      | Reached XP level 5. HP: 44/53 MP: 4/4
  1781 | D:3      | Found a hide-covered altar of Uskayaw.
  1817 | D:3      | Noticed Grinder
  1841 | D:3      | Paralysed by Grinder for 4 turns
  1850 | D:3      | Killed Grinder
  1850 | D:3      | Reached skill level 6 in Unarmed Combat
  1850 | D:3      | Reached XP level 6. HP: 39/62 MP: 5/5
  2410 | D:4      | Reached XP level 7. HP: 70/70 MP: 6/6
  2478 | D:4      | Reached skill level 7 in Unarmed Combat
  2728 | D:4      | Found a glowing golden altar of the Shining One.
  2854 | D:5      | Entered Level 5 of the Dungeon
  2858 | D:5      | Noticed Dowan
  2859 | D:5      | Noticed Duvessa
  2859 | D:5      | Reached *** piety under Makhleb
  2982 | D:4      | Reached skill level 8 in Unarmed Combat
  3068 | D:4      | Reached XP level 8. HP: 70/79 MP: 7/7
  3085 | D:5      | Killed Duvessa
  3085 | D:5      | Reached skill level 5 in Fighting
  3089 | D:5      | Killed Dowan
  3131 | D:5      | Noticed Prince Ribbit
  3150 | D:4      | Reached skill level 9 in Unarmed Combat
  3301 | D:4      | Killed Prince Ribbit
  3404 | D:5      | Found a burning altar of Makhleb.
  3696 | D:5      | Found an opulent altar of Gozag.
  3697 | D:5      | Noticed George's ghost (novice MiFi)
  3709 | D:5      | Killed George's ghost
  3709 | D:5      | Reached skill level 10 in Unarmed Combat
  3709 | D:5      | Reached XP level 9. HP: 51/89 MP: 8/8
  3830 | D:5      | Found a radiant altar of Vehumet.
  4390 | D:6      | Found an opulent altar of Gozag.
  4897 | D:6      | Found a staircase to the Ecumenical Temple.
  4996 | D:7      | Reached skill level 11 in Unarmed Combat
  5090 | D:7      | Reached **** piety under Makhleb
  5575 | D:7      | Found a hazy altar of Hepliaklqana.
  5576 | D:7      | Found a shimmering altar of Xom.
  5577 | D:7      | Noticed a spectral ugly thing
  5657 | D:7      | Noticed Joseph
  5666 | D:7      | Killed Joseph
  5666 | D:7      | Reached skill level 12 in Unarmed Combat
  5937 | D:7      | Reached XP level 10. HP: 93/102 MP: 9/9
  6262 | D:8      | Found Iklotethru's Weapon Shoppe.
  6266 | D:8      | Noticed a gargoyle
  6268 | D:8      | Noticed Psyche
  6279 | D:8      | HP: 4/102 [gargoyle/stone arrow (31)]
  6280 | D:8      | Killed from afar by a gargoyle

Vault maps used:
D:1:      minmay_arrival_diagonal_passages, palyth_stone_intersect
D:2:      lemuel_crystal_altar, fedhas_altar_2, grunt_qazlal_clouds,
          lemuel_doored_altar, first_bread
D:3:      nicolae_overflow_crystal_walls, uniq_grinder
D:4:      kennysheep_mini_moat
D:5:      cheibrodos_fzero, grunt_gozag_statues, vehumet_crystals,
          makhleb_blood_cavern_becter, uniq_duvessa, uniq_prince_ribbit1
D:6:      temple_statues, lemuel_tele_altar
D:7:      regret_index_temple_of_mockery, uniq_joseph
D:8:      kennysheep_mini, old_standard_altar, old_standard_altar, serial_shops,
          nicolae_shop_stone, uniq_psyche

Skill      XL: |  1  2  3  4  5  6  7  8  9 |
---------------+----------------------------+-----
Unarmed Combat | 4 5 6 8 10 12 | 12.2
Fighting       | 3 4 6 7 |  7.3
Dodging        | |  2.4
Stealth        | |  1.0

Action                   |  1- 3 |  4- 6 |  7- 9 | 10-12 || total
-------------------------+-------+-------+-------+-------++-------
Melee: Unarmed           |    87 |    93 |   239 |    29 ||   448
       Punch             |     1 |     7 |     8 |     3 ||    19
  Use: Potion            |       |     2 |     5 |       ||     7
       Scroll            |       |     3 |     7 |       ||    10
 Stab: Sleeping          |     2 |       |     2 |     1 ||     5
  Eat: Chunk             |    20 |     8 |    27 |     3 ||    58
       Bread ration      |       |       |     1 |       ||     1
Armor: Robe              |    26 |    21 |    62 |     2 ||   111
Dodge: Dodged            |    32 |    29 |   110 |     9 ||   180

Table legend:
 A = Spawn XP
 B = Non-spawn XP
 C = Spawn XP percentage of total XP
 D = Spawn monster count
 E = Non-spawn monster count
 F = Spawn count percentage of total count
 G = Total turns spent on level
                    A         B        C        D         E        F      G
               +---------+---------+-------+---------+---------+-------+---------
         Total |       0 |    5947 |   0.0 |       0 |     149 |   0.0 |  6280
               +---------+---------+-------+---------+---------+-------+---------
           D:1 |       0 |      16 |   0.0 |       0 |      11 |   0.0 |   711
           D:2 |       0 |      68 |   0.0 |       0 |      21 |   0.0 |   727
           D:3 |       0 |     543 |   0.0 |       0 |      28 |   0.0 |   831
           D:4 |       0 |    1264 |   0.0 |       0 |      26 |   0.0 |  1060
           D:5 |       0 |    1379 |   0.0 |       0 |      24 |   0.0 |   879
           D:6 |       0 |     479 |   0.0 |       0 |       9 |   0.0 |   775
           D:7 |       0 |    1817 |   0.0 |       0 |      22 |   0.0 |  1139
           D:8 |       0 |     381 |   0.0 |       0 |       8 |   0.0 |   158
               +---------+---------+-------+---------+---------+-------+---------
